 Dungeon Crawl Stone Soup version 0.31-a0-1009-g454b1f1e0a (webtiles) character file.

Game seed: 3238662946270750948

162 Avanven the Trooper (level 5, -1/33 HPs)
             Began as a Gargoyle Fighter on Nov 15, 2023.
             Slain by Grinder (7 damage)
             ... while paralysed by Grinder
             ... on level 4 of the Dungeon.
             The game lasted 00:04:02 (2485 turns).

Avanven the Trooper (Gargoyle Fighter)              Turns: 2485, Time: 00:04:03

Health: -1/33      AC: 15    Str: 25 (26) XL:     5   Next: 43%
Magic:  5/5        EV:  2    Int:  2 (5)  God:
Gold:   104        SH:  0    Dex:  6 (8)  Spells: 4/4 levels left

rFire   . . .        a - +0 flail
rCold   . . .        c - +0 buckler
rNeg    + . .        m - +0 plate armour
rPois   ∞            (helmet restricted)
rElec   +            (no cloak)
rCorr   .            (no gloves)
SInv    .            (no boots)
Will    .....        g - amulet of the acrobat Stlth
                     (no ring)
HPRegen 0.25/turn    (no ring)
MPRegen 0.09/turn

%: acrobat
@: paralysed
A: sickness immunity, AC +4, negative energy resistance 1, electricity
resistance, torment resistance 1, petrification resistance, antennae 1, dopey 1,
strong 1
a: no special abilities


You were on level 4 of the Dungeon.
You visited 1 branch of the dungeon, and saw 4 of its levels.

You collected 104 gold pieces.

Inventory:

Hand Weapons
 a - a +0 flail (weapon)
Armour
 c - a +0 buckler (worn)
 m - a +0 plate armour (worn)
Jewellery
 f - an amulet of regeneration
 g - an amulet of the acrobat (around neck)
Wands
 k - a wand of digging (4)
Scrolls
 b - a scroll of silence {unknown}
 e - a scroll of fear {unknown}
 i - a scroll of noise {unknown}
 j - 3 scrolls of amnesia {unknown}
 l - 3 scrolls of butterflies {unknown}
 n - 2 scrolls of vulnerability
 o - a scroll of enchant weapon {unknown}
 p - 2 scrolls of teleportation {unknown}
 q - a scroll of identify {unknown}
 s - 2 scrolls of poison {unknown}


   Skills:
 + Level 4.3 Fighting
 * Level 4.1 Maces & Flails
 - Level 3.2 Armour
 + Level 4.2 Shields


You had 4 spell levels left.
You didn't know any spells.
Your spell library contained the following spells:

 Spells                   Type           Power      Damage    Failure   Level
 Ozocubu's Armour         Ice            0%         N/A       100%        3
 Ozocubu's Refrigeration  Ice            0%         4d7       100%        7


Dungeon Overview and Level Annotations

Branches:
Dungeon (4/15)
 Temple: D:4-7

Altars:
Wu Jian

Shops:
D:1 ?

Annotations:
D:4 Grinder


Innate Abilities, Weirdness & Mutations

You are immune to sickness and miasma.
Your stone body is resilient. (AC +4)
You are immune to poison.
You resist negative energy. (rN+)
You are resistant to electric shocks. (rElec)
You are resistant to unholy torment.
You are immune to petrification.
You have a pair of small antennae on your head.
You are dopey. (Int -2)
Your muscles are strong. (Str +4, Int/Dex -1)


Message History

Grinder hits you but does no damage.
You barely miss Grinder.
Grinder is lightly wounded.
Grinder barely misses you.
You closely miss Grinder.
Grinder is lightly wounded.
Grinder hits you.
You writhe in agony.
Grinder gestures at you. Pain shoots through your body!
You completely miss Grinder.
Grinder is lightly wounded.
Grinder hits you.
You writhe in agony.
You barely miss Grinder.
Grinder is lightly wounded.
Grinder hits you but does no damage.
You hit Grinder.
Grinder is moderately wounded.
Grinder blinks!
Grinder gestures at you.
You are unaffected.
You closely miss Grinder.
Grinder is moderately wounded.
You block Grinder's attack.
You barely miss Grinder.
Grinder is moderately wounded.
Grinder hits you. x2
* * * LOW HITPOINT WARNING * * *
You writhe in agony.
* * * LOW HITPOINT WARNING * * *
You hit Grinder.
Grinder is moderately wounded.
Grinder hits you but does no damage.
You barely miss Grinder.
Grinder is moderately wounded.
Grinder gestures at you.
You suddenly lose the ability to move!
Grinder hits you but does no damage. Grinder hits you!
You die...
Grinder says, "Now the real fun starts!"

#.......###.######## ####....#
#.# #....# #)# #....###.#
#........# #....##..#####
#........5)..#
#################.#
#..<5@.........##5#
#.############.##.#
#.#..........#.##.####
#.#.########.#.##..5.. #.#.#
#.#5####### #.#.# #.#.♣#♣#♣##
#.#.########.#....5..#
############............#.♣.♣.♣..
.............#.##########.......#


You could see Grinder.

Vanquished Creatures
  2 orc wizards (D:4)
  A gnoll (D:1)
  2 adders (D:3)
  4 dart slugs
  4 worms
  12 orcs
  2 endoplasms
  4 giant cockroaches
  5 goblins
  7 hobgoblins
  3 quokkas
  2 ball pythons
  7 bats
  A frilled lizard (D:2)
  5 kobolds
  4 rats
65 creatures vanquished.

Notes
Turn   | Place    | Note
-------+----------+-------------------------------------------
     0 | D:1      | Avanven the Gargoyle Fighter began the quest for the Orb.
     0 | D:1      | Reached XP level 1. HP: 14/14 MP: 1/1
    72 | D:1      | Reached XP level 2. HP: 12/19 MP: 2/2
   304 | D:1      | Reached XP level 3. HP: 15/23 MP: 3/3
   415 | D:1      | Found The Oracle's Delphic Readings.
  1342 | D:2      | Identified the +0 robe "Jyosar" {rElec rN+ Regen+ Str+2
                  | Int-2}
  1397 | D:3      | Reached XP level 4. HP: 27/29 MP: 4/4
  1477 | D:3      | Found a faded altar of an unknown god.
  1566 | D:3      | Found an ornate altar of the Wu Jian Council.
  2179 | D:4      | Noticed Grinder
  2183 | D:4      | Reached XP level 5. HP: 29/33 MP: 5/5
  2234 | D:4      | HP: 1/33 [Grinder/nerve-wracking pain (5)]
  2235 | D:4      | Gained mutation: Your muscles are strong. (Str +4, Int/Dex
                  | -1) [potion of mutation]
  2235 | D:4      | Gained mutation: You are dopey. (Int -2) [potion of
                  | mutation]
  2235 | D:4      | Gained mutation: You have a pair of small antennae on your
                  | head. [potion of mutation]
  2382 | D:4      | Paralysed by Grinder for 5 turns
  2456 | D:4      | Paralysed by Grinder for 2 turns
  2464 | D:4      | Paralysed by Grinder for 3 turns
  2483 | D:4      | Paralysed by Grinder for 5 turns
  2485 | D:4      | Slain by Grinder

Illustrated notes

Levels and vault maps discovered:
D:1:      mainiacjoe_arrival_reflecting_pool, layout_basic, grunt_decor_cap,
          nicolae_nh_oracle_at_delphi
D:2:      layout_loops_cross
D:3:      layout_rooms, lemuel_tele_altar, shapermc_ecumenical_altar_petra
D:4:      layout_basic, mainiacjoe_overflow_24_doors,
          mainiacjoe_overflow_cross_hatched, minmay_temple_entry_junction_2,
          serial_forest, infiniplex_forest_end_2, infiniplex_forest_end_3,
          infiniplex_forest_lined_room_, infiniplex_forest_clump_medium,
          infiniplex_forest_fountain, infiniplex_forest_lined_2, uniq_grinder

Skill      XL: |  1  2  3  4  5 |
---------------+----------------+-----
Maces & Flails | 3 4 |  4.1
Fighting       | 4 |  4.3
Shields        | 4 |  4.2
Armour         | |  3.2

Action                     |  1- 3 |  4- 6 || total
---------------------------+-------+-------++-------
  Melee: Flail             |   107 |   135 ||   242
    Use: Scroll            |     2 |       ||     2
         Potion            |       |     3 ||     3
 Armour: Scale mail        |    18 |       ||    18
         Plate armour      |    47 |   114 ||   161
  Dodge: Dodged            |    47 |    42 ||    89
  Block: Buckler           |    21 |    26 ||    47

Table legend: (Time is in decaauts)
 A = Elapsed time spent in this place.
 B = Non-inter-level travel time spent in this place.
 C = Inter-level travel time spent in this place.
 D = Time resting spent in this place.
 E = Time spent auto-exploring this place.
 F = Levels seen in this place.
 G = Mean time per level.
                   A        B        C        D        E       F      G
               +--------+--------+--------+--------+--------+-----+--------+
         Total |   2551 |   2488 |     63 |    149 |   1723 |   4 |  637.8 |
       Dungeon |   2551 |   2488 |     63 |    149 |   1723 |   4 |  637.8 |
               +--------+--------+--------+--------+--------+-----+--------+

Top non-repeatable levels by time:
     D:3: 799 daAuts
     D:2: 794 daAuts
     D:1: 620 daAuts
     D:4: 336 daAuts
